 Dungeon Crawl Stone Soup version 0.30.0-13-g156ef70053 (webtiles) character file.

Game seed: 171309687459363225

28 croobank the Firebug (level 2, 0/22 HPs)
             Began as a Demigod Fire Elementalist on May 17, 2023.
             Killed from afar by a dart slug (2 damage)
             ... with a slug dart
             ... on level 2 of the Dungeon.
             The game lasted 00:04:15 (900 turns).

croobank the Firebug (Demigod Fire Elementalist)     Turns: 900, Time: 00:04:15

Health: 0/22       AC:  2    Str:  8 (9)  XL:     2   Next: 75%
Magic:  1/7        EV: 12    Int: 15 (17) God:
Gold:   32         SH:  0    Dex: 11 (14) Spells: 2/5 levels left

rFire   . . .        g - +2 whip (pain)
rCold   . . .        (no shield)
rNeg    . . .        c - +0 robe
rPois   .            (no helmet)
rElec   .            (no cloak)
rCorr   .            (no gloves)
SInv    .            (no boots)
Will    .....        (no amulet)
Stlth   ++           (no ring)
HPRegen 0.23/turn    (no ring)
MPRegen 0.10/turn

%: no passive effects
@: no status effects
A: high MP 1, forlorn, divine attributes
a: no special abilities


You were on level 2 of the Dungeon.
You visited 1 branch of the dungeon, and saw 2 of its levels.

You collected 32 gold pieces.

Inventory:

Hand Weapons
 a - a +0 dagger of speed
 b - a +0 sling
 e - a +0 short sword
 g - a +2 whip of pain (weapon)
Armour
 c - a +0 robe (worn)
 i - a +0 buckler
Magical Staves
 d - a staff of earth
Scrolls
 h - a scroll of enchant armour {unknown}
Potions
 f - a potion of degeneration


   Skills:
 + Level 0.6 Fighting
 + Level 2.0 Dodging
 + Level 2.0 Stealth
 + Level 0.1 Shields
 + Level 2.1 Spellcasting
 + Level 1.1 Conjurations
 + Level 2.9 Fire Magic


You had 2 spell levels left.
You knew the following spells:

 Your Spells              Type           Power      Damage    Failure   Level
a - Foxfire               Conj/Fire      28%        2x1d5     10%         1
b - Scorch                Fire           20%        2d5       10%         2

Your spell library contained the following spells:

 Spells                   Type           Power      Damage    Failure   Level
 Inner Flame              Hex/Fire       6%         N/A       34%         3
 Volatile Blastmotes      Fire/Tloc      12%        2d11      34%         3
 Flame Wave               Conj/Fire      7%         2d5       67%         4


Dungeon Overview and Level Annotations

Branches:
Dungeon (2/15)


Innate Abilities, Weirdness & Mutations

You have an increased reservoir of magic. (+10% MP)
You shall have no god before yourself.
Your divine heritage dramatically boosts your attributes as you level up.


Message History

Your hands tingle!
a - a +0 dagger of speed (weapon)
The quokka bites you.
You miss the quokka. The quokka bites you.
You are too injured to fight recklessly!
You are too injured to fight recklessly!
You are too injured to fight recklessly!
You are too injured to fight recklessly!
You are too injured to fight recklessly!
Casting: Scorch (safe; 9% risk of failure)
Confirm with . or Enter, or press ? or * to list all spells.
You don't have enough magic to cast this spell.
You hit the dart slug but do no damage. The quokka bites you.
The dart slug bites you but does no damage.
You hit the dart slug.
The dart slug is moderately wounded.
The quokka bites you.
* * * LOW HITPOINT WARNING * * *
It was a potion of degeneration.
There was something very wrong with that liquid.
You feel weakened.
You feel dopey.
You feel clumsy. The dart slug closely misses you. The quokka bites you.
* * * LOW HITPOINT WARNING * * *
You hit the dart slug but do no damage.
The dart slug is moderately wounded.
The quokka closely misses you.
You hit the dart slug but do no damage.
The dart slug is moderately wounded.
The dart slug bites you but does no damage.
The quokka bites you.
* * * LOW HITPOINT WARNING * * *
You hit the dart slug.
The dart slug is severely wounded.
Okay, then.
You have a feeling of ineptitude.
g - a +2 whip of pain (weapon)
The quokka bites you but does no damage.
The dart slug launches a dart at you. The slug dart hits you.
You die...

...... #)#
..$...##.#
.......#<#
.......#.#
.......#.#
.........#
.......J##
..>...#r#
.....##@#
##... #w#
##. .J# #
...# ....#
.....#
#.....#
#.....#


You could see a dart slug, 2 endoplasms and a quokka.

Vanquished Creatures
  A dart slug (D:1)
  4 ball pythons
  4 endoplasms (D:1)
  2 goblins
  A hobgoblin (D:1)
  3 jackals (D:1)
  2 bats (D:1)
  A frilled lizard (D:1)
  3 kobolds (D:1)
  4 rats
25 creatures vanquished.

Vanquished Creatures (others)
  23 foxfires (D:1)
23 creatures vanquished.

Grand Total: 48 creatures vanquished

Notes
Turn   | Place    | Note
-------+----------+-------------------------------------------
     0 | D:1      | croobank the Demigod Fire Elementalist began the quest for
                  | the Orb.
     0 | D:1      | Reached XP level 1. HP: 14/14 MP: 5/5
    83 | D:1      | Reached skill level 1 in Conjurations
   196 | D:1      | Reached XP level 2. HP: 22/22 MP: 5/7
   199 | D:1      | Learned a level 2 spell: Scorch
   898 | D:2      | HP: 1/22 [quokka (4)]
   900 | D:2      | Killed from afar by a dart slug

Illustrated notes

Levels and vault maps discovered:
D:1:      ldierk_walled_garden_2, layout_basic, kennysheep_crisscross,
          minivault_27, minmay_misc_feat_plants
D:2:      layout_rooms, serial_shops, shop, basic_altar

Skill      XL: |  1  2 |
---------------+-------+-----
Conjurations   | 1 |  1.1
Spellcasting   | 2 |  2.1
Stealth        | 2 |  2.0
Dodging        | 2 |  2.0
Fighting       | |  0.6
Shields        | |  0.1
Fire Magic     | |  2.9

Action                     || total
---------------------------++-------
  Melee: Dagger            ||     6
         Short sword       ||     2
   Fire: Sling             ||    29
   Cast: Foxfire           ||    13
         Scorch            ||    12
    Use: Potion            ||     2
 Armour: Robe              ||     6
  Dodge: Dodged            ||    20
